 Dungeon Crawl Stone Soup version 0.29.1-15-g9cfb28693d (webtiles) character file.

Game seed: 9179600767935429917

3856 leetdood the Thaumaturge (level 10, -19/79 HPs)
             Began as a Naga Venom Mage on Mar 9, 2023.
             Was a Follower of Vehumet.
             Engulfed by an ice statue's freezing vapour (55 damage)
             ... on level 8 of the Dungeon.
             The game lasted 01:03:19 (8394 turns).

leetdood the Thaumaturge (Naga Venom Mage)          Turns: 8394, Time: 01:03:19

Health: -19/79     AC:  5    Str: 11    XL:     10   Next: 18%
Magic:  7/22       EV: 14    Int: 27    God:    Vehumet [*.....]
Gold:   350        SH:  5    Dex: 12    Spells: 8/25 levels left

rFire   . . .      SeeInvis +   y - +5 spear "Orb Guardian's Doom" {vorpal, rC- Int+8 Stlth+}
rCold   x . .      Faith    .   (no shield)
rNeg    . . .      Spirit   .   K - +1 robe {Will+}
rPois   +          Reflect  +   (no helmet)
rElec   .          Harm     .   (no cloak)
rCorr   .          Rampage  .   (no gloves)
Will    ++...                   (no barding)
Stlth   ++++......              m - amulet of reflection
HPRegen 0.23/turn               G - +4 ring of evasion
MPRegen 0.18/turn               (no ring)

@: very slow
A: AC +3, large, see invisible, deformed body, poison resistance, slowness 2,
spit poison 1, naga tail 1
a: Spit Poison, Renounce Religion


You were on level 8 of the Dungeon.
You worshipped Vehumet.
Vehumet was aware of your devotion.
You visited 2 branches of the dungeon, and saw 9 of its levels.

You collected 524 gold pieces.
You spent 174 gold pieces at shops.

Inventory:

Hand Weapons
 o - a +4 short sword of speed
 y - the +5 spear "Orb Guardian's Doom" (weapon) {vorpal, rC- Int+8 Stlth+}
   (You found it on level 5 of the Dungeon)

   It inflicts extra damage upon your enemies.
   Int:       It affects your intelligence (+8).
   rC:        It makes you vulnerable to cold.
   Stlth:     It makes you more stealthy.
Missiles
 d - 6 datura-tipped darts
 x - 5 atropa-tipped darts
 I - 2 poisoned darts
Armour
 a - +0 steam dragon scales
 C - the +0 chain mail "Ceonwuarr" {-Cast rC+ Str+7 Stlth+}
   (You found it on level 6 of the Dungeon)

   Str:       It affects your strength (+7).
   rC:        It protects you from cold.
   -Cast:     It prevents spellcasting.
   Stlth:     It makes you more stealthy.
 K - a +1 robe of willpower (worn)
Magical Staves
 j - a staff of cold
Jewellery
 m - an amulet of reflection (around neck)
 G - a +4 ring of evasion (left hand)
Wands
 p - a wand of acid (6)
 s - a wand of charming (14)
 w - a wand of polymorph (6)
 E - a wand of mindburst (3)
Scrolls
 c - 5 scrolls of enchant armour
 e - 2 scrolls of magic mapping {unknown}
 f - a scroll of vulnerability {unknown}
 h - 2 scrolls of amnesia
 i - 4 scrolls of enchant weapon {unknown}
 k - 3 scrolls of fog {unknown}
 t - 2 scrolls of noise {unknown}
 u - 2 scrolls of blinking
 v - a scroll of teleportation
 B - 4 scrolls of identify
 F - a scroll of torment {unknown}
 H - 2 scrolls of fear {unknown}
Potions
 b - 2 potions of magic
 g - 4 potions of lignification
 l - 2 potions of ambrosia {unknown}
 n - a potion of berserk rage {unknown}
 q - a potion of curing
 r - 3 potions of flight
 z - a potion of resistance {unknown}
 A - 3 potions of attraction
 D - 2 potions of mutation {unknown}
 J - a potion of haste {unknown}
 L - a potion of brilliance {unknown}


   Skills:
 + Level 1.4 Fighting
 + Level 3.1 Dodging
 + Level 5.6 Stealth
 + Level 1.4 Shields
 + Level 8.1 Spellcasting
 + Level 5.7 Conjurations
 + Level 3.0 Transmutations
 + Level 6.6 Fire Magic
 + Level 1.0 Air Magic
 + Level 6.3 Poison Magic


You had 8 spell levels left.
You knew the following spells:

 Your Spells              Type           Power      Damage    Failure   Level
a - Sting                 Tmut/Pois      100%       1d8       1%          1
b - Mephitic Cloud        Conj/Pois/Air  34%        N/A       2%          3
c - Ignite Poison         Fire/Tmut/Pois 39%        N/A       1%          3
d - Foxfire               Conj/Fire      100%       2x1d9     1%          1
e - Sticky Flame          Conj/Fire      44%        2d6       4%          4
f - Fireball              Conj/Fire      22%        3d10      12%         5

Your spell library contained the following spells:

 Spells                   Type           Power      Damage    Failure   Level
 Freeze                   Ice            40%        1d6       5%          1
 Magic Dart               Conj           100%       1d8       1%          1
 Poisonous Vapours        Pois/Air       62%        N/A       1%          2
 Searing Ray              Conj           84%        2d7       1%          2
 Static Discharge         Conj/Air       29%        3-7/arc   1%          2
 Conjure Flame            Conj/Fire      44%        6-21      1%          3
 Olgreb's Toxic Radiance  Pois           45%        N/A       3%          4
 Inner Flame              Hex/Fire       28%        N/A       4%          3
 Stone Arrow              Conj/Erth      52%        3d10      4%          3
 Flame Wave               Conj/Fire      44%        2d11      4%          4
 Blink                    Tloc           20%        N/A       8%          2
 Call Canine Familiar     Summ           10%        N/A       16%         3
 Lesser Beckoning         Tloc           10%        N/A       16%         3
 Portal Projectile        Hex/Tloc       20%        N/A       16%         3
 Fulminant Prism          Conj/Hex       13%        3d9       16%         4
 Corpse Rot               Necr/Pois/Air  24%        N/A       19%         4
 Leda's Liquefaction      Hex/Erth       5%         N/A       45%         4
 Eringya's Noxious Bog    Tmut/Pois      18%        N/A       75%         6
 Manifold Assault         Tloc           10%        N/A       82%         5
 Storm Form               Tmut/Air       10%        N/A       100%        7
 Chain Lightning          Conj/Air       14%        3d19      100%        9
 Fire Storm               Conj/Fire      22%        8d6       100%        9
 Shatter                  Erth           5%         3d8*      100%        9


Dungeon Overview and Level Annotations

Branches:
Dungeon (8/15)             Temple (1/1) D:7
   Lair: D:8-11

Altars:
Ashenzari
Elyvilon
Makhleb
Okawaru
Ru
Sif Muna
Trog
Uskayaw
Vehumet
Wu Jian
Xom
Zin

Shops:
D:4 ?

Annotations:
D:8 exclusion: ice statue


Innate Abilities, Weirdness & Mutations

Your serpentine skin is tough. (AC +3)
You have supernaturally acute eyesight. (SInv)
Armour fits poorly on your strangely shaped body.
Your system is resistant to poisons. (rPois)
You cover ground very slowly.
You can spit poison.
You have a snake-like lower body.


Message History

Casting: Fireball (dangerous; 12% risk of failure)
Confirm with . or Enter, or press ? or * to list all spells.
You can't see any susceptible monsters within range! (Use Z to cast anyway.) Unknown command.
Casting: Fireball (dangerous; 12% risk of failure)
Confirm with . or Enter, or press ? or * to list all spells.
Aiming: Fireball (dangerous; 12% risk of failure)
Press: ? - help, Shift-Dir - straight line The fireball explodes!
The fireball engulfs the ice statue!
The ice statue melts!
The ice statue is lightly damaged.
Casting: Foxfire (safe; 1% risk of failure)
Press: ? - help, Q - select action, (/) - cycle Dir - look around, f - activate
Okay, then.
Casting: Foxfire (safe; 1% risk of failure)
Confirm with . or Enter, or press ? or * to list all spells.
Aiming: Fireball (dangerous; 12% risk of failure)
Press: ? - help, Shift-Dir - straight line The fireball explodes!
The fireball engulfs the ice statue!!
The ice statue melts!
The ice statue is heavily damaged.
The ice statue gestures at you.
Casting: Foxfire (safe; 1% risk of failure)
Press: ? - help, Q - select action, (/) - cycle Dir - look around, f - activate
Okay, then.
Casting: Foxfire (safe; 1% risk of failure)
Confirm with . or Enter, or press ? or * to list all spells.
Aiming: Fireball (dangerous; 12% risk of failure)
Press: ? - help, Shift-Dir - straight line The fireball explodes!
The fireball engulfs the ice statue!
The ice statue melts!
The ice statue is severely damaged.
You are engulfed in freezing vapours.
Ouch! That really hurt!
Casting: Fireball (dangerous; 12% risk of failure)
Confirm with . or Enter, or press ? or * to list all spells.
You can't see any susceptible monsters within range! (Use Z to cast anyway.)
You are engulfed in freezing vapours.
Ouch! That really hurt!
You die...

# #.## # #..## # #...#
# ##.## # #.# # #)##
########## # #..#####
#⌠.....§§≈ #
##.....###.○○○.§§§≈
######)###.....○@○.§§8≈
....##.# #####○○○☼..§§≈
.##.##.# #⌠.....≈§§
)##.##.# ##########
....)..# ###.#### ###.#
....# #####


There were no monsters in sight!

Vanquished Creatures
  Pikel (D:7)
  Grinder (D:5)
  A wyvern (D:7)
  A steam dragon (D:8)
  2 ice beasts
  2 black bears
  2 sky beasts
  2 orc warriors
  2 ogres
  3 lemures (D:7)
  2 phantoms
  3 bullfrogs
  A necrophage (D:5)
  2 scorpions
  11 wights (D:8)
  5 killer bees (D:8)
  A jelly (D:5)
  4 hounds
  3 orc priests (D:7)
  Ijyb (D:3)
  4 iguanas
  2 orc wizards (D:6)
  Natasha (thrice) (D:4)
  A gnoll (D:1)
  7 adders
  2 shadow imps
  2 white imps
  2 worms (D:2)
  2 dart slugs (D:1)
  16 orcs
  4 endoplasms
  4 giant cockroaches
  9 goblins
  5 hobgoblins (D:1)
  3 jackals (D:4)
  9 kobolds
  6 quokkas
  8 ball pythons
  4 bats (D:1)
  2 frilled lizards
  3 rats
148 creatures vanquished.

Vanquished Creatures (others)
  498 foxfires
498 creatures vanquished.

Grand Total: 646 creatures vanquished

Notes
Turn   | Place    | Note
-------+----------+-------------------------------------------
     0 | D:1      | leetdood the Naga Venom Mage began the quest for the Orb.
     0 | D:1      | Reached XP level 1. HP: 15/15 MP: 3/3
   254 | D:1      | Reached XP level 2. HP: 22/22 MP: 3/5
   594 | D:1      | Reached XP level 3. HP: 26/28 MP: 3/6
   782 | D:1      | Got the Papyrus of Concussion
   851 | D:1      | Found a faded altar of an unknown god.
  1183 | D:2      | Reached XP level 4. HP: 36/36 MP: 7/7
  1388 | D:3      | Reached skill level 5 in Poison Magic
  1541 | D:3      | Learned a level 3 spell: Mephitic Cloud
  1563 | D:3      | Reached skill level 3 in Spellcasting
  1641 | D:3      | Found a broken altar of Ashenzari.
  1648 | D:3      | Noticed Ijyb
  1658 | D:3      | Killed Ijyb
  1659 | D:3      | Reached XP level 5. HP: 26/42 MP: 3/10
  1992 | D:3      | Learned a level 3 spell: Ignite Poison
  2064 | D:4      | Found a bloodstained altar of Trog.
  2158 | D:4      | Found Wanwock's Magic Scroll Shop.
  2168 | D:4      | Bought a scroll of blinking for 90 gold pieces
  2168 | D:4      | Bought a scroll of identify for 24 gold pieces
  2168 | D:4      | Bought a scroll of identify for 24 gold pieces
  2168 | D:4      | Bought a scroll of teleportation for 36 gold pieces
  2271 | D:4      | Found a burning altar of Makhleb.
  2368 | D:4      | Noticed Natasha
  2375 | D:4      | Killed Natasha
  2471 | D:4      | Got the Vellum of the Silversmith
  2478 | D:4      | Noticed an ogre
  2486 | D:4      | Killed an ogre
  2487 | D:4      | Reached skill level 4 in Spellcasting
  2487 | D:4      | Reached XP level 6. HP: 42/49 MP: 6/12
  2533 | D:4      | Learned a level 1 spell: Foxfire
  2808 | D:4      | Noticed a black bear
  2821 | D:4      | Killed a black bear
  2996 | D:4      | Noticed Natasha
  3003 | D:4      | Killed Natasha
  3004 | D:4      | Reached skill level 1 in Conjurations
  3404 | D:4      | Noticed Natasha
  3408 | D:4      | Killed Natasha
  3409 | D:4      | Reached XP level 7. HP: 56/56 MP: 10/13
  3559 | D:5      | Entered Level 5 of the Dungeon
  3688 | D:5      | Reached skill level 1 in Fire Magic
  4266 | D:5      | Noticed Grinder
  4283 | D:5      | Killed Grinder
  4284 | D:5      | Reached skill level 1 in Shields
  4284 | D:5      | Reached skill level 5 in Spellcasting
  4284 | D:5      | Reached XP level 8. HP: 56/63 MP: 4/15
  4365 | D:5      | Identified the +5 spear "Orb Guardian's Doom" {vorpal, rC-
                  | Int+8 Stlth+}
  4384 | D:5      | Found a white marble altar of Elyvilon.
  4683 | D:5      | Found a glowing silver altar of Zin.
  5362 | D:6      | Reached skill level 6 in Spellcasting
  5410 | D:6      | Identified the +0 chain mail "Ceonwuarr" {-Cast rC+ Str+7
                  | Stlth+}
  5931 | D:7      | Found a hide-covered altar of Uskayaw.
  5945 | D:7      | Reached XP level 9. HP: 69/69 MP: 13/18
  6043 | D:7      | Noticed Pikel
  6054 | D:7      | Killed Pikel
  6055 | D:7      | Reached skill level 5 in Stealth
  6055 | D:7      | Reached skill level 7 in Spellcasting
  6055 | D:7      | Reached skill level 5 in Fire Magic
  6255 | D:7      | Learned a level 4 spell: Sticky Flame
  6261 | D:7      | Learned a level 5 spell: Fireball
  6317 | D:7      | Found a staircase to the Ecumenical Temple.
  6336 | D:7      | Reached skill level 5 in Conjurations
  6521 | Temple   | Entered the Ecumenical Temple
  6527 | Temple   | Became a worshipper of Vehumet
  7283 | D:8      | Reached XP level 10. HP: 40/76 MP: 7/21
  7671 | D:8      | Reached skill level 1 in Fighting
  7674 | D:8      | Reached * piety under Vehumet
  7674 | D:8      | Offered knowledge of Freeze by Vehumet.
  7675 | D:8      | Reached skill level 1 in Air Magic
  7833 | D:8      | Found an iron altar of Okawaru.
  8008 | D:8      | Reached skill level 8 in Spellcasting
  8389 | D:8      | Noticed an ice statue
  8394 | D:8      | Engulfed by an ice statue's freezing vapour

Illustrated notes

Levels and vault maps discovered:
D:1:      lightli_arrival_isolated_outpost, layout_rooms,
          ebering_ecumenical_altar_box, chequers_serial_rivers_micro_c
D:2:      layout_rooms, grunt_decor_clamped
D:3:      layout_basic, old_standard_altar, small_statue_intersection, uniq_ijyb
D:4:      kennysheep_six_static_rooms, layout_basic, lemuel_tele_altar,
          mainiacjoe_overflow_small_starburst, serial_shops,
          nicolae_lakefront_shop, kennysheep_boxes, uniq_natasha
D:5:      layout_basic, elyvilon_altar_5, zin_treasury, serial_bayou,
          serial_bayou_pond_e, serial_bayou_pond_a, serial_bayou_pond_c,
          serial_bayou_pond_c, uniq_grinder
D:6:      layout_basic
D:7:      layout_rooms, overflow_temple_1_default, minmay_temple_entry_waves,
          uniq_pikel
D:8:      lemuel_ice_statue, layout_loops_cross, okawaru_metal_pillars_1_2,
          hangedman_decor_lopped, minmay_misc_feat_room
Temple:   compressed_dpeg_triangle_lava_temple

Skill      XL: |  1  2  3  4  5  6  7  8  9 10 |
---------------+-------------------------------+-----
Poison Magic   | 5 6 |  6.3
Transmutations | 2 3 |  3.0
Spellcasting   | 3 4 5 6 7 8 |  8.1
Stealth        | 4 5 |  5.6
Conjurations   | 1 2 4 5 |  5.7
Dodging        | 2 3 |  3.1
Fire Magic     | 2 4 6 |  6.6
Shields        | 1 |  1.4
Fighting       | 1 |  1.4
Air Magic      | 1 |  1.0

Action                   |  1- 3 |  4- 6 |  7- 9 | 10-12 || total
-------------------------+-------+-------+-------+-------++-------
 Cast: Sting             |    45 |    30 |     1 |       ||    76
       Foxfire           |       |    36 |   225 |    31 ||   292
       Mephitic Cloud    |       |       |     2 |     1 ||     3
       Sticky Flame      |       |       |     2 |     1 ||     3
       Ignite Poison     |       |       |     1 |       ||     1
       Fireball          |       |       |       |     9 ||     9
 Abil: Spit Poison       |    34 |    37 |    44 |    10 ||   125
  Use: Scroll            |       |     3 |     3 |       ||     6
       Potion            |       |       |     1 |     2 ||     3
Armor: Robe              |     2 |    11 |    14 |     1 ||    28
Dodge: Dodged            |    19 |    10 |    46 |    17 ||    92
Block: Other             |       |    10 |    15 |    11 ||    36
